AoeStats
← BenJames

Arabia

503536751Analyzed
3v3 RM · 1mo ago on Sep 1, 2026· 47m 38s· 6 players
Game mode
Random Map
Map size
Normal (6 player)
Population
200
Speed
Normal
Resources
Standard
Victory
Conquest
Starting age
Dark Age
Ending age
Imperial Age
RankedLock teamsTeams togetherTeam positionsShared explorationLock speedFull tech treeHidden civsTurbo modeCheats
Victory
Defeat
🇨🇳 Spanish · China
1121
+17
🇨🇴 Mongols · Colombia
1110
+17
🇨🇦 Persians · Canada
1044
+20
🇨🇱 Tupi · Chile
1206
-21
🇨🇱 Hindustanis · Chile
1115
-17
🇨🇱 Poles · Chile
1101
-16
BenJames
6:24 Loom
8:48 Feudal Age
10:32 Double-Bit Axe
10:28 Horse Collar
15:00 Scale Barding Armor
20:40 Wheelbarrow
20:29 Fletching
23:21 Castle Age
24:32 Bloodlines
28:19 Bodkin Arrow
33:08 Forging
33:41 Bow Saw
33:41 Heavy Plow
38:26 Iron Casting
39:31 Husbandry
39:31 Gold Mining
44:31 Imperial Age
43:16 Chain Barding Armor
45:54 Gold Shaft Mining
45:40 Hand Cart
45:15 Heavy Camel Rider
46:31 Town Watch
iamstacked
2:54 Loom
11:14 Feudal Age
17:56 Castle Age
16:05 Horse Collar
16:29 Double-Bit Axe
19:00 Wheelbarrow
18:58 Heavy Plow
19:11 Bow Saw
21:53 Hand Cart
24:40 Scale Barding Armor
26:02 Chain Barding Armor
25:50 Gold Mining
27:46 Gold Shaft Mining
27:31 Husbandry
27:41 Bloodlines
27:10 Pikeman
28:28 Scale Mail Armor
29:59 Chain Mail Armor
29:46 Squires
32:08 Man-at-Arms
32:33 Gambesons
33:02 Forging
34:09 Long Swordsman
43:01 Arson
46:18 Fletching
wuyu
11:04 Feudal Age
16:01 Castle Age
14:18 Double-Bit Axe
20:47 Horse Collar
22:25 Loom
25:54 Wheelbarrow
29:13 Bloodlines
29:04 Husbandry
31:01 Hand Cart
30:38 Gold Mining
33:09 Town Watch
37:38 Imperial Age
35:20 Scale Barding Armor
35:26 Forging
36:29 Chain Barding Armor
36:29 Bow Saw
36:21 Heavy Plow
36:26 Stone Mining
37:01 Ballistics
36:37 Murder Holes
38:48 Conscription
39:04 Plate Barding Armor
39:05 Iron Casting
42:03 Blast Furnace
41:09 Cavalier
46:24 Chemistry
45:38 Masonry
Lala
12:42 Feudal Age
17:28 Castle Age
17:28 Double-Bit Axe
18:09 Forging
18:12 Bloodlines
20:45 Horse Collar
25:54 Iron Casting
25:33 Husbandry
28:23 Heavy Plow
28:31 Scale Barding Armor
30:00 Elite Skirmisher
30:55 Light Cavalry
32:12 Chain Barding Armor
32:53 Fletching
33:03 Padded Archer Armor
34:10 Bodkin Arrow
35:41 Thumb Ring
35:54 Leather Archer Armor
35:39 Scale Mail Armor
38:23 Wheelbarrow
46:39 Imperial Age
46:29 Hand Cart
46:54 Scale Mail Armor
46:17 Pikeman
46:57 Squires
✪Lucho Jaraツ
7:02 Loom
9:39 Feudal Age
16:16 Castle Age
14:58 Double-Bit Axe
17:01 Fletching
17:30 Crossbowman
18:50 Bow Saw
19:51 Horse Collar
20:48 Padded Archer Armor
26:05 Bodkin Arrow
26:50 Wheelbarrow
28:24 Leather Archer Armor
30:56 Heavy Plow
32:54 Gold Mining
37:34 Imperial Age
35:45 Squires
35:48 Scale Mail Armor
36:27 Forging
36:13 Pikeman
41:35 Hand Cart
42:07 Arbalester
44:25 Bracer
45:45 Two-Man Saw
45:24 Gold Mining
h33posk
9:49 Feudal Age
9:13 Loom
10:37 Double-Bit Axe
18:20 Castle Age
19:03 Wheelbarrow
18:10 Horse Collar
19:32 Stone Mining
19:34 Gold Mining
20:25 Bloodlines
20:16 Husbandry
20:13 Town Watch
20:45 Bow Saw
22:19 Scale Barding Armor
25:22 Heavy Plow
25:37 Arson
26:25 Forging
29:27 Squires
29:29 Scale Mail Armor
32:56 Chain Barding Armor
33:12 Iron Casting
33:06 Hand Cart
33:31 Stone Shaft Mining
33:32 Gold Shaft Mining
33:58 Grand Trunk Road
36:23 Fletching
37:10 Iron Casting
42:19 Chain Mail Armor
42:00 Bodkin Arrow
45:21 Ballistics
49:31 Imperial Age
47:46 Town Patrol
Connection lost

Rejoining the realm…

Still unreachable

The connection could not be restored.

Session expired

The server has moved on; the page needs a fresh start.